 Dungeon Sprint DCSS version 0.24-a0-630-g0d56a85 (webtiles) character file.

Game seed: 6283027121072860741, levelgen mode: deterministic

3 schets the Skirmisher (level 1, 13/18 HPs)
             Began as a Demonspawn Fighter on Sept 19, 2019.
             Was a Follower of Wu Jian.
             Quit the game in the Dungeon (Sprint VII: "The Pits").
             The game lasted 00:00:26 (114 turns).

schets the Skirmisher (Demonspawn Fighter)           Turns: 114, Time: 00:00:27

Health: 13/18      AC:  6    Str: 16    XL:     1   Next: 41%
Magic:  1/1        EV:  7    Int:  9    God:    Wu Jian [*.....]
Gold:   0          SH:  8    Dex: 12    Spells: 0/0 levels left

rFire    . . .     SeeInvis .     - Unarmed
rCold    . . .     Gourm    .   b - +0 shield
rNeg     . . .     Faith    .   a - +0 scale mail
rPois    .         Spirit   .   (no helmet)
rElec    .         Reflect  .   (no cloak)
rCorr    .         Harm     .   (no gloves)
MR       .....     NoTele   +   (no boots)
Stlth    ..........             (no amulet)
HPRegen  0.06/turn              (no ring)
MPRegen  0.07/turn              (no ring)

@: no status effects
A: no striking features
a: Renounce Religion


You were in the Dungeon.
You worshipped Wu Jian.
Wu Jian was aware of your devotion.
You were not hungry.

You visited 1 branch

Inventory:

Armour
 a - a +0 scale mail (worn)
 b - a +0 shield (worn)
Scrolls
 j - a scroll of blinking
 m - 3 scrolls of remove curse
 n - 5 scrolls of amnesia
 o - a scroll of summoning
Potions
 c - a potion of might
 e - a potion of curing
 f - a potion of heal wounds
 g - a potion of haste
 h - 4 potions of magic
 i - 3 potions of berserk rage
 l - 2 potions of invisibility
Comestibles
 d - 9 rations
 k - 3 chunks of flesh


   Skills:
 * Level 3.3 Fighting
 + Level 2.8 Armour
 + Level 0.6 Dodging
 + Level 2.9 Shields
 * Level 2.3 Unarmed Combat


You couldn't memorise any spells.
You didn't know any spells.
Your spell library was empty.

Dungeon Overview and Level Annotations

Branches:
Dungeon (1/1)

Altars:
Ashenzari
Cheibriados
Dithmenos
Elyvilon
Fedhas
Gozag
Hepliaklqana
Kikubaaqudgha
Makhleb
Nemelex Xobeh
Okawaru
Qazlal
Ru
Sif Muna
Trog
Uskayaw
Vehumet
Wu Jian
Xom
Yredelemnul
Zin
The Shining One
Beogh
Jiyva
Lugonu


Message History

There isn't anything here!
There isn't anything here!
You see here a quokka corpse.
You butcher the quokka corpse.
k - 3 chunks of flesh (gained 2)
You see here a quokka skeleton.
There is an open door here.
You open the door.
A rat comes into view.
The rat barely misses you.
You barely miss the rat. The rat closely misses you.
You closely miss the rat. You block the rat's attack.
You hit the rat.
You kill the rat!
The Council accepts your kill.
You can now lightly attack and pin monsters in place by moving around them.
A frilled lizard comes into view.
The frilled lizard hisses angrily.
There is an open door here.
Are you sure you want to abandon this character and quit the game? (Confirm with "yes".)

#_______...###########
##########'##.........
#.?(.')))'.##......#..
##########.##.........
#........÷.÷'.........
#+#####'#####......#..
#.....# #.........
#.....# ####'#####
###@### #.......#
#.l...# #.......#
#.....# #.......#
####+## #...<...#
#.......# #.......#
#.......# #########


You could see a frilled lizard.

Vanquished Creatures
  A quokka (D)
  A leopard gecko skeleton (D)
  2 rats (D)
4 creatures vanquished.

Notes
Turn   | Place    | Note
-------+----------+-------------------------------------------
     0 | D        | schets the Demonspawn Fighter began the quest for the Orb.
     0 | D        | Reached XP level 1. HP: 18/18 MP: 1/1
    20 | D        | Found a bloodstained altar of Trog.
    20 | D        | Found a shimmering blue altar of Sif Muna.
    20 | D        | Found a viscous altar of Jiyva.
    20 | D        | Found a hazy altar of Hepliaklqana.
    20 | D        | Found an opulent altar of Gozag.
    21 | D        | Found a glowing golden altar of the Shining One.
    21 | D        | Found a glowing silver altar of Zin.
    21 | D        | Found a basalt altar of Yredelemnul.
    21 | D        | Found a shimmering altar of Xom.
    21 | D        | Found an ornate altar of the Wu Jian Council.
    21 | D        | Found a sacrificial altar of Ru.
    21 | D        | Found a stormy altar of Qazlal.
    21 | D        | Found an iron altar of Okawaru.
    21 | D        | Found a sparkling altar of Nemelex Xobeh.
    21 | D        | Found a burning altar of Makhleb.
    21 | D        | Found a blossoming altar of Fedhas.
    21 | D        | Found a white marble altar of Elyvilon.
    21 | D        | Found a shadowy altar of Dithmenos.
    21 | D        | Found a snail-covered altar of Cheibriados.
    22 | D        | Found a radiant altar of Vehumet.
    22 | D        | Found a corrupted altar of Lugonu.
    22 | D        | Found a roughly hewn altar of Beogh.
    23 | D        | Found an ancient bone altar of Kikubaaqudgha.
    23 | D        | Found a hide-covered altar of Uskayaw.
    23 | D        | Found a shattered altar of Ashenzari.
    31 | D        | Became a worshipper of the Wu Jian Council
   112 | D        | Reached * piety under Wu Jian
   114 | D        | Quit the game

Levels and vault maps discovered:
D:        pitsprint [storerooms_1, entrance_room_1, metal_vault_6, armoury_2,
          mini_pit_1, grid_room_1, main_hall_1, silver_pit, the_coven_3,
          the_vestibule_1, steel_vault_1, golden_pit, hallway_of_sentries,
          crystal_vault_3, iron_vault_4, final_vault]

Skill      XL: |  1 |
---------------+----+-----
Unarmed Combat | 2 |  2.3
Fighting       | |  3.3
Armour         | |  2.8
Dodging        | |  0.6
Shields        | |  2.9

Action                   || total
-------------------------++-------
Melee: Unarmed           ||    26
Armor: Scale mail        ||     8
Dodge: Dodged            ||    18
Block: Shield            ||     5

Table legend:
 A = Non-vault XP
 B = Vault XP
 C = Vault XP percentage of total XP
 D = Non-vault monster count
 E = Vault monster count
 F = Vault count percentage of total count
                 A         B        C        D         E       F
            +---------+---------+-------+---------+---------+-------
      Total |       0 |       5 | 100.0 |       0 |       4 | 100.0
            +---------+---------+-------+---------+---------+-------
          D |       0 |       5 | 100.0 |       0 |       4 | 100.0
            +---------+---------+-------+---------+---------+-------
